AoeStats
← peasants jjk

MegaRandom

505416276Analyzed
4v4 RM · 22d ago on Sep 9, 2026· 27m 27s· 8 players
Game mode
Random Map
Map size
Large (8 player)
Population
200
Speed
Normal
Resources
Standard
Victory
Conquest
Starting age
Dark Age
Ending age
Imperial Age
RankedLock teamsTeams togetherTeam positionsShared explorationLock speedFull tech treeHidden civsTurbo modeCheats
Victory
Defeat
🇳🇿 Malay · New Zealand
966
+13
🇳🇿 Turks · New Zealand
924
+14
🇨🇿 Huns · Czechia
905
+15
🇳🇿 Vietnamese · New Zealand
860
+17
🇨🇳 Teutons · China
927
-16
🇨🇳 Armenians · China
915
-16
🇨🇳 Poles · China
871
-38
🇪🇸 Muisca · Spain
838
-13
peasants jjk
18:57 Feudal Age
19:58 Horse Collar
22:55 Wheelbarrow
Josmalaga3
0:27 Loom
14:35 Feudal Age
15:03 Double-Bit Axe
15:03 Horse Collar
17:37 Wheelbarrow
16:55 Gold Mining
16:58 Stone Mining
17:55 Scale Mail Armor
18:32 Forging
18:08 Champi Runner
WES.007
5:43 Loom
11:57 Feudal Age
12:46 Man-at-Arms
13:52 Long Swordsman
谢祈风
Bc. .
11:28 Feudal Age
13:35 Horse Collar
17:23 Castle Age
15:54 Double-Bit Axe
18:40 Bow Saw
22:25 Bow Saw
25:05 Forging
BlakeTheSnake
7:45 Loom
11:44 Feudal Age
15:53 Castle Age
15:02 Double-Bit Axe
26:14 Forging
Thomas Mason
5:41 Loom
9:05 Feudal Age
9:17 Loom
14:11 Double-Bit Axe
16:47 Fletching
20:59 Castle Age
19:50 Horse Collar
25:39 Imperial Age
23:42 Padded Archer Armor
Rex_Ads
7:03 Loom
9:14 Feudal Age
10:13 Double-Bit Axe
13:37 Fletching
20:25 Padded Archer Armor
23:58 Castle Age
24:39 Bodkin Arrow
24:10 Crossbowman
25:47 Bow Saw
Connection lost

Rejoining the realm…

Still unreachable

The connection could not be restored.

Session expired

The server has moved on; the page needs a fresh start.